 Dungeon Crawl Stone Soup version 0.20-a0-1040-gfd09691 (webtiles) character file.

195 Alarkh the Insei (level 5, 5/35 HPs)
             Began as an Octopode Transmuter on Apr 23, 2017.
             Quit the game on level 3 of the Dungeon.
             The game lasted 00:02:31 (4079 turns).

Alarkh the Insei (Octopode Transmuter)              Turns: 4079, Time: 00:02:31

Health: 5/35       AC:  1    Str: 10    XL:     5   Next: 74%
Magic:  3/8        EV: 14    Int: 16    God:
Gold:   141        SH:  0    Dex: 15    Spells: 7/8 levels left

rFire    + . .     SeeInvis .     - Unarmed
rCold    + . .     Gourm    .   (no shield)
rNeg     . . .     Faith    .   (helmet restricted)
rPois    +         Spirit   .   h - amulet of magic regeneration
rElec    +         Reflect  .   q - +3 ring of dexterity
rCorr    +         Harm     .   (no ring)
MR       .....                  (no ring)
Stlth    ++........             (no ring)
Regen    0.2/turn               (no ring)
MPRegen  0.2/turn               (no ring)
                                (no ring)
                                (no ring)

@: resistant
A: almost no armour, stealthy swim, amphibious, 8 rings, constrict 8, camouflage
1, gelatinous body 1
a: no special abilities


You were on level 3 of the Dungeon.
You were not hungry.

You visited 1 branch of the dungeon, and saw 3 of its levels.

You collected 141 gold pieces.

Inventory:

Missiles
 a - 12 arrows
Jewellery
 h - an amulet of magic regeneration (around mantle)
 q - a +3 ring of dexterity (left tentacle)
Scrolls
 d - 2 scrolls of identify {unknown}
 e - 2 scrolls of teleportation
 j - 2 scrolls of enchant armour {unknown}
 l - a scroll of remove curse
 r - a scroll of fog {unknown}
Potions
 f - 2 potions of resistance
 i - a potion of ambrosia {unknown}
 m - a potion of flight {unknown}
 n - 2 potions of mutation {unknown}
 o - 2 potions of curing {unknown}
 p - a potion of heal wounds {unknown}
 t - a potion of lignification {unknown}
Books
 b - a book of Changes

   Spells                             Type                      Level
   a - Beastly Appendage              Transmutation                1
   b - Sticks to Snakes               Transmutation                2
   c - Spider Form                    Transmutation/Poison         3
   d - Ice Form                       Ice/Transmutation            4
   e - Blade Hands                    Transmutation                5
Comestibles
 c - 2 bread rations
 g - 2 royal jellies
 k - 4 fruits
 s - 4 chunks of flesh


   Skills:
 + Level 2.4 Fighting
 + Level 3.1 Dodging
 * Level 5.1 Unarmed Combat
 - Level 2.0 Spellcasting
 - Level 2.0 Transmutations


You had 7 spell levels left.
You knew the following spells:

 Your Spells              Type           Power        Failure   Level  Hunger
a - Beastly Appendage     Tmut           #.....       9%          1    #......


Dungeon Overview and Level Annotations

Branches:
Dungeon (3/15)

Altars:
The Shining One


Innate Abilities, Weirdness & Mutations

You cannot wear most types of armour.
You are very stealthy in the water. (Stealth+)
You are amphibious.
You can wear up to eight rings at the same time.
You can use your tentacles to constrict eight enemies at once.
Your skin changes colour to match your surroundings (Stealth+).
Your rubbery body absorbs attacks. (AC +1, EV +1)


Message History

You are too injured to fight recklessly!
You are too injured to fight recklessly!
You tentacle-slap Crazy Yiuf. You squeeze Crazy Yiuf.
Crazy Yiuf is severely wounded.
You constrict Crazy Yiuf.
Crazy Yiuf hits you with a quarterstaff of chaos!
* * * LOW HITPOINT WARNING * * *
You feel your power leaking away.
You tentacle-slap Crazy Yiuf.
You kill Crazy Yiuf!
t - a viscous inky potion
Items here: )) [ † a quarterstaff of chaos; an embroidered cloak; a mace the gnoll corpse of Crazy Yiuf
s - 4 chunks of flesh (gained 3)
Items here: )) [ ÷ a quarterstaff of chaos; an embroidered cloak; a mace the gnoll skeleton of Crazy Yiuf
Okay, then.
Are you sure you want to abandon this character and quit the game? (Confirm with "yes".)

######.....................#.#
#..........................#.##
#.####.............[...........
#.# ####################..#.#.
#.# #######..#... #.########
#'.........## #.##.P.#)########
#######...... #.....P.#..##..)#
#...>## #......####.'.@.#
#..#.# ##.#.P## ###..)# ####.#
###### ##### #.# #.# #.# #.##
#... ####


There were no monsters in sight!

Vanquished Creatures
  Crazy Yiuf (D:3)
  A gnoll (D:1)
  10 adders (D:2)
  5 dart slugs
  4 leopard geckos
  2 giant cockroaches
  6 goblins
  A hobgoblin (D:3)
  7 kobolds
  2 quokkas
  10 ball pythons
  2 bats
  2 frilled lizards (D:2)
  7 rats
60 creatures vanquished.

Notes
Turn   | Place    | Note
-------+----------+-------------------------------------------
     0 | D:1      | Alarkh the Octopode Transmuter began the quest for the Orb.
     0 | D:1      | Reached XP level 1. HP: 13/13 MP: 3/3
   320 | D:1      | Reached XP level 2. HP: 14/18 MP: 5/5
   659 | D:1      | Reached XP level 3. HP: 23/23 MP: 6/6
  1468 | D:2      | Reached skill level 4 in Unarmed Combat
  1564 | D:2      | Reached XP level 4. HP: 16/28 MP: 5/7
  2937 | D:2      | Reached XP level 5. HP: 28/34 MP: 8/8
  3495 | D:3      | Found a runed door.
  3568 | D:3      | Reached skill level 5 in Unarmed Combat
  3934 | D:3      | Found a glowing golden altar of the Shining One.
  4069 | D:3      | Noticed Crazy Yiuf
  4074 | D:3      | Killed Crazy Yiuf
  4079 | D:3      | Quit the game

Vault maps used:
D:1:      minmay_arrival_shattered_statue, minmay_door_square,
          corexii_leaking_fountain
D:2:      kennysheep_big_flooded_room, minmay_snake_closets
D:3:      nicolae_tso_swordbearing_angel, uniq_crazy_yiuf_cottage

Skill      XL: |  1  2  3  4  5 |
---------------+----------------+-----
Unarmed Combat | 4 5 |  5.1
Fighting       | 2 |  2.4
Dodging        | 3 |  3.1
Spellcasting   | |  2.0
Transmutations | |  2.0

Action                   |  1- 3 |  4- 6 || total
-------------------------+-------+-------++-------
Melee: Unarmed           |    58 |    89 ||   147
       Constrict         |    14 |    21 ||    35
       Tentacles         |     6 |     9 ||    15
       Punch             |     1 |     1 ||     2
       Kick              |       |     1 ||     1
 Cast: Beastly Appendage |     1 |     1 ||     2
  Use: Scroll            |     1 |     1 ||     2
       Potion            |       |     1 ||     1
 Stab: Sleeping          |     3 |     7 ||    10
  Eat: Chunk             |     1 |     9 ||    10
Armor: Skin              |     7 |     2 ||     9
Dodge: Dodged            |    21 |    66 ||    87
